 Dungeon Crawl Stone Soup version 0.16-a0-2934-g71f8417 (webtiles) character file.

217 uri the Grave Robber (level 5, -1/42 HPs)
             Began as a Deep Dwarf Necromancer on Dec 3, 2014.
             Killed by divine providence
             ... invoked by an orc priest
              (12 damage)
             ... on level 4 of the Dungeon.
             The game lasted 00:09:11 (3095 turns).

uri the Grave Robber (Deep Dwarf Necromancer)       Turns: 3095, Time: 00:09:12

Health: -1/42      AC:  3    Str: 11    XL:     5   Next: 62%
Magic:  11/16      EV: 12    Int: 17    God:
Gold:   144        SH:  0    Dex: 13    Spells: 2 memorised, 3 levels left

rFire  . . .     SeeInvis .     q - +0 battleaxe
rCold  . . .     Clarity  .     a - +0 robe
rNeg   . . .     SustAb   .     (no shield)
rPois  .         Gourm    .     (no helmet)
rElec  .         Spirit   .     (no cloak)
rCorr  .         Warding  .     (no gloves)
rMut   .         Stasis   .     j - +0 pair of boots
MR     .....                    (no amulet)
Stlth  ++........               (no ring)
                                g - ring of magical power

@: non-regenerating, not resistant to hostile enchantments, unstealthy
A: damage resistance, recharge devices, sense surroundings 1, slow healing 3
a: Device Recharging


You were on level 4 of the Dungeon.
You were near starving.

You visited 2 branches of the dungeon, and saw 5 of its levels.

You collected 144 gold pieces.

Inventory:

Hand weapons
 q - a +0 battleaxe (weapon)
Armour
 a - a +0 robe (worn)
 j - a +0 pair of boots (worn)
Jewellery
 g - a ring of magical power (left hand)
Magical devices
 c - a wand of heal wounds (3)
 o - a wand of polymorph (12)
Scrolls
 e - 3 scrolls of fear {unknown}
 h - a scroll of noise {unknown}
 i - a scroll of remove curse
 k - 3 scrolls of teleportation {unknown}
 l - 3 scrolls of identify {unknown}
 n - 2 scrolls of fog {unknown}
 s - 2 scrolls of enchant weapon {unknown}
 t - a scroll of enchant armour {unknown}
Books
 b - a book of Necromancy

   Spells                             Type                      Level
   a - Pain                           Necromancy                   1
   b - Animate Skeleton               Necromancy                   1
   c - Vampiric Draining              Necromancy                   3
   d - Regeneration                   Charms/Necromancy            3
   e - Animate Dead                   Necromancy                   4
   f - Control Undead                 Necromancy                   4
Comestibles
 d - 2 bread rations
 f - a meat ration
 m - a royal jelly
 p - a slice of pizza
 r - 4 fruits


   Skills:
 + Level 0.2 Axes
 - Level 2.1 Dodging
 - Level 2.4 Stealth
 - Level 1.7 Spellcasting
 - Level 7.1 Necromancy
 - Level 3.1 Evocations


You had 3 spell levels left.
You knew the following spells:

 Your Spells              Type           Power        Failure   Level  Hunger
a - Pain                  Necr           ####         1%          1    #......
b - Vampiric Draining     Necr           ####......   3%          3    ###....


Dungeon Overview and Level Annotations

Branches:
Dungeon (4/15)             Temple (1/1) D:4

Altars:
Ashenzari
Cheibriados
Dithmenos
Fedhas
Gozag
Nemelex Xobeh
Qazlal
Ru
Sif Muna
Trog
Zin
The Shining One


Innate Abilities, Weirdness & Mutations

You are resistant to damage.
You can recharge devices by infusing magical energy.
You passively map a small area around you.
You do not heal naturally.


Message History

An orc wizard comes into view. It is wielding a dagger.
You barely miss the orc priest.
The orc priest is almost dead.
The orc wizard shouts!
The orc priest looks braver.
The orc wizard casts a spell.
The orc wizard seems to speed up.
The orc priest hits you with a hand axe!
You closely miss the orc priest.
The orc priest is almost dead.
The orc priest hits you with a hand axe.
* * * LOW HITPOINT WARNING * * *
The orc wizard points at you and mumbles some strange words.
The magic dart hits you!
* * * LOW HITPOINT WARNING * * *
You closely miss the orc priest.
The orc priest is almost dead.
The orc priest invokes the aid of Beogh against you.
Something smites you!
You die...

, ,.. ####.#
..... , #...# *,
#. #.⌠.# .#
#.###...###.# ,
#...........##.
#..⌠..>..⌠.....,
* #...o@......##.
.....###o..###.#*
.. #.⌠.#..(#
....#...#...####
*
................#
,
.....(..(...##.#
,* ,
....########.##.#
..# #.##<# * #*
#.##.#


You could see an orc priest and an orc wizard.

Vanquished Creatures
  A crimson imp (D:3)
  Terence (D:3)
  4 gnolls (D:2)
  4 adders
  4 worms (D:2)
  3 giant geckos
  An ooze (D:3)
  3 orcs (D:3)
  A bat zombie (D:3)
  4 giant cockroaches
  7 goblins
  7 hobgoblins
  8 kobolds
  A quokka (D:3)
  2 ball pythons
  4 bats
  A giant newt (D:1)
  5 jackals
  10 rats
71 creatures vanquished.

Notes
Turn   | Place    | Note
--------------------------------------------------------------
     0 | D:1      | uri, the Deep Dwarf Necromancer, began the quest for the Orb.
     0 | D:1      | Reached XP level 1. HP: 15/15 MP: 2/2
   129 | D:1      | Reached XP level 2. HP: 22/22 MP: 0/3
   193 | D:1      | Reached skill level 5 in Necromancy
   729 | D:1      | Reached XP level 3. HP: 17/28 MP: 3/5
  1197 | D:2      | Reached skill level 6 in Necromancy
  1301 | D:2      | Reached XP level 4. HP: 29/36 MP: 2/6
  1514 | D:2      | Found a sparkling altar of Nemelex Xobeh.
  2110 | D:3      | Learned a level 3 spell: Vampiric Draining
  2115 | D:3      | Reached skill level 7 in Necromancy
  2115 | D:3      | Reached XP level 5. HP: 9/42 MP: 7/7
  2242 | D:3      | Noticed Terence
  2261 | D:3      | Killed Terence
  2261 | D:3      | Reached skill level 1 in Evocations
  2921 | D:4      | Found a staircase to the Ecumenical Temple.
  2928 | Temple   | Entered the Ecumenical Temple
  3095 | D:4      | Killed from afar by an orc priest

Action                   |  1- 3 |  4- 6 || total
-------------------------+-------+-------++-------
Melee: Unarmed           |     6 |       ||     6
       Dagger            |    38 |       ||    38
       Rapier            |     8 |     1 ||     9
       Flail             |       |    69 ||    69
       Battleaxe         |       |     7 ||     7
 Cast: Pain              |    57 |    38 ||    95
       Vampiric Draining |       |    12 ||    12
Evoke: Wand              |     1 |     2 ||     3
  Use: Potion            |     2 |     3 ||     5
       Scroll            |     1 |       ||     1
 Stab: Sleeping          |       |     2 ||     2
  Eat: Chunk             |     2 |     7 ||     9
